AoeStats
← Dodô Pressão

Black Forest

504505376Analyzed
2v2 RM · 27d ago on Sep 5, 2026· 148m 51s· 4 players
Game mode
Random Map
Map size
Medium (4 player)
Population
200
Speed
Normal
Resources
Standard
Victory
Conquest
Starting age
Dark Age
Ending age
Imperial Age
RankedLock teamsTeams togetherTeam positionsShared explorationLock speedFull tech treeHidden civsTurbo modeCheats
Victory
Defeat
🇻🇳 Portuguese · Vietnam
574
+21
🇧🇷 Burgundians · Brazil
519
+23
🇪🇸 Persians · Spain
710
-50
🇪🇸 Byzantines · Spain
663
-31
Barcelomimi
0:39 Loom
14:51 Feudal Age
16:58 Gold Mining
16:58 Stone Mining
16:54 Horse Collar
17:05 Double-Bit Axe
18:06 Wheelbarrow
24:17 Castle Age
25:54 Padded Archer Armor
25:45 Fletching
26:06 Forging
25:56 Scale Mail Armor
26:50 Scale Barding Armor
27:34 Caravan
28:59 Heavy Plow
30:33 Bow Saw
30:38 Husbandry
31:23 Hand Cart
31:32 Hand Cart
33:15 Stone Shaft Mining
33:22 Crossbowman
34:07 Thumb Ring
38:06 Imperial Age
38:28 Chain Barding Armor
38:44 Iron Casting
38:25 Chain Mail Armor
38:25 Leather Archer Armor
38:05 Bodkin Arrow
40:04 Two-Man Saw
39:12 Treadmill Crane
40:32 Chemistry
39:43 Masonry
39:52 Onager
40:00 Pikeman
43:29 Halberdier
43:57 Arson
45:52 Plate Barding Armor
45:47 Plate Mail Armor
46:17 Blast Furnace
45:48 Ring Archer Armor
44:57 Arbalester
47:33 Bombard Tower
47:46 Cavalier
49:30 Bracer
57:04 Arson
58:28 Elite Organ Gun
67:02 Arson
72:05 Elite Skirmisher
86:44 Capped Ram
113:41 Siphons
113:59 Ballistics
113:30 Heated Shot
122:36 Guard Tower
141:17 Sanctity
141:17 Heresy
140:57 Herbal Medicine
Dodô Pressão
6:00 Loom
15:26 Feudal Age
15:23 Double-Bit Axe
15:24 Horse Collar
21:21 Castle Age
20:27 Gold Mining
20:40 Heavy Plow
26:47 Bow Saw
28:47 Crop Rotation
28:59 Wheelbarrow
32:18 Gold Shaft Mining
31:34 Stone Mining
32:18 Hand Cart
37:15 Imperial Age
35:04 Burgundian Vineyards
36:12 Two-Man Saw
36:45 Stone Shaft Mining
39:40 Elite Coustillier
41:58 Chemistry
41:20 Ballistics
43:35 Forging
43:30 Scale Barding Armor
43:26 Scale Mail Armor
43:27 Padded Archer Armor
43:17 Fletching
43:51 Bombard Tower
43:49 Caravan
44:20 Coinage
44:01 Guilds
45:54 Banking
47:15 Conscription
48:45 Iron Casting
48:25 Chain Mail Armor
48:31 Chain Barding Armor
48:27 Leather Archer Armor
48:07 Bodkin Arrow
57:39 Husbandry
57:01 Cavalier
61:49 Onager
63:27 Elite Skirmisher
70:30 Fortified Wall
72:35 Blast Furnace
72:05 Plate Mail Armor
72:10 Plate Barding Armor
71:35 Bracer
72:12 Paladin
76:46 Flemish Revolution
77:42 Squires
77:28 Arson
77:17 Flemish Revolution
135:52 Capped Ram
LA TANQUETA
12:39 Feudal Age
17:46 Double-Bit Axe
21:04 Castle Age
23:43 Wheelbarrow
23:56 Bow Saw
28:22 Stone Mining
29:45 Horse Collar
32:00 Hand Cart
35:53 Heavy Plow
38:27 Gold Mining
41:39 Imperial Age
39:46 Forging
39:27 Fletching
39:39 Scale Mail Armor
41:10 Pikeman
41:54 Squires
41:49 Halberdier
43:11 Iron Casting
42:32 Bodkin Arrow
42:53 Chain Mail Armor
48:18 Caravan
49:32 Crop Rotation
51:55 Gold Shaft Mining
50:57 Elite Cataphract
61:43 Bracer
61:50 Scale Barding Armor
62:16 Plate Mail Armor
70:03 Two-Man Saw
70:16 Conscription
70:04 Elite Skirmisher
78:19 Logistica
82:20 Ballistics
95:50 Chain Barding Armor
96:48 Hoardings
102:12 Plate Barding Armor
101:03 Light Cavalry
103:08 Hussar
mendiallianza
0:39 Loom
12:41 Feudal Age
13:09 Double-Bit Axe
13:09 Horse Collar
14:09 Wheelbarrow
13:21 Town Watch
22:59 Castle Age
24:09 Hand Cart
23:59 Heavy Plow
24:52 Town Patrol
27:08 Bow Saw
33:18 Gold Mining
33:19 Stone Mining
35:01 Bloodlines
35:09 Elite Skirmisher
35:41 Pikeman
37:22 Scale Mail Armor
37:32 Forging
37:29 Scale Barding Armor
41:54 Imperial Age
40:34 Iron Casting
41:36 Chain Mail Armor
41:51 Cavalier
43:37 Conscription
42:38 Elite War Elephant
44:25 Blast Furnace
43:56 Plate Mail Armor
43:48 Chain Barding Armor
44:46 Halberdier
46:22 Crop Rotation
46:55 Two-Man Saw
47:52 Savar
49:33 Caravan
55:01 Plate Barding Armor
63:19 Chemistry
64:12 Ballistics
67:48 Light Cavalry
69:02 Fletching
69:13 Padded Archer Armor
93:48 Murder Holes
101:41 Onager
Connection lost

Rejoining the realm…

Still unreachable

The connection could not be restored.

Session expired

The server has moved on; the page needs a fresh start.